 Dungeon Crawl Stone Soup version 0.19-a0-1065-gdac414d (webtiles) character file.

399 4thArraOfDagon the Chopper (level 6, -1/45 HPs)
             Began as a Hill Orc Fire Elementalist on Aug 3, 2016.
             Was an Initiate of Vehumet.
             Killed from afar by an orc wizard (9 damage)
             ... with a magic dart
             ... on level 6 of the Dungeon.
             The game lasted 00:16:34 (2380 turns).

4thArraOfDagon the Chopper (HOFE)                   Turns: 2380, Time: 00:16:35

Health: -1/45      AC:  4    Str: 16    XL:     6   Next: 84%
Magic:  7/8        EV: 17    Int: 17    God:    Vehumet [......]
Gold:   247        SH:  0    Dex: 11    Spells: 3 memorised, 0 levels left

rFire  . . .     SeeInvis .     h - +0 battleaxe
rCold  . . .     Gourm    .     j - +0 ring mail
rNeg   . . .     Faith    .     (shield currently unavailable)
rPois  .         Spirit   .     (no helmet)
rElec  .         Dismiss  .     (no cloak)
rCorr  .         Reflect  .     (no gloves)
SustAt .         Harm     .     p - +1 pair of boots
MR     .....                    t - amulet of magic regeneration
Stlth  +.........               m - +6 ring of evasion
                                q - -3 ring of protection (curse)

@: mighty, flying, very slightly contaminated
A: no striking features
a: Renounce Religion, Convert to Beogh


You were on level 6 of the Dungeon.
You worshipped Vehumet.
Vehumet was noncommittal.
You were hungry.

You visited 1 branch of the dungeon, and saw 6 of its levels.

You collected 247 gold pieces.

Inventory:

Hand Weapons
 d - a +0 club
 h - a +0 battleaxe (weapon)
Armour
 a - a +0 robe
 j - a +0 ring mail (worn)
 p - a +1 pair of boots (worn)
Jewellery
 m - a +6 ring of evasion (right hand)
 q - a cursed -3 ring of protection (left hand)
 t - an amulet of magic regeneration (around neck)
 v - an uncursed ring of wizardry
Potions
 e - a potion of flight
 k - a potion of degeneration
 n - a potion of cancellation
 o - a potion of cure mutation
Books
 b - a book of Flames

   Spells                             Type                      Level
   a - Flame Tongue                   Conjuration/Fire             1
   b - Throw Flame                    Conjuration/Fire             2
   c - Conjure Flame                  Conjuration/Fire             3
   d - Inner Flame                    Hexes/Fire                   3
   e - Sticky Flame                   Conjuration/Fire             4
   f - Fireball                       Conjuration/Fire             5
Comestibles
 c - 6 bread rations
 f - 2 royal jellies
 l - a meat ration


   Skills:
 * Level 5.4 Axes
 + Level 2.5 Armour
 - Level 1.5 Dodging
 - Level 1.5 Stealth
 + Level 1.9 Spellcasting
 * Level 3.0 Conjurations
 * Level 4.6 Fire Magic


You couldn't memorise any spells.
You knew the following spells:

 Your Spells              Type           Power        Failure   Level  Hunger
a - Flame Tongue          Conj/Fire      ##...        10%         1    #......
b - Conjure Flame         Conj/Fire      ##......     24%         3    ###....
c - Sticky Flame          Conj/Fire      ##......     82%         4    #####..


Dungeon Overview and Level Annotations

Branches:
Dungeon (6/15)
 Temple: D:4-7

Altars:
Cheibriados
Dithmenos
Pakellas
Qazlal
Vehumet

Annotations:
D:5 Grinder


Message History

You barely miss the orc wizard. The orc wizard casts a spell at you.
The puff of flame hits you!
* * * LOW HITPOINT WARNING * * *
The orc priest mumbles some strange prayers to Beogh against you.
Pain shoots through your body!
* * * LOW HITPOINT WARNING * * *
The ice beast barely misses you. The orc wizard hits you with a dagger.
* * * LOW HITPOINT WARNING * * *
Unknown command.
Unknown command.
Unknown command.
You closely miss the orc priest.
The orc priest is severely wounded.
You barely miss the ice beast. You slash the orc wizard!
The orc priest hits you but does no damage.
The ice beast completely misses you.
The orc wizard points at you and mumbles some strange words.
The magic dart hits you!
You die...

##### ##.(.##
#.....#######
#.@Y........#
###########
#o)o..#####.#
..........######...####
.#
......................#
Y#
#########..##o#######.#
.# #####..##.# # ..
.........(.### #.
###..........# .
#..[.#####.#


You could see an ice beast, an orc priest and an orc wizard.

Vanquished Creatures
  A phantom (D:4)
  A black bear (D:5)
  A giant frog (D:6)
  A centaur skeleton (D:5)
  An orc priest (D:6)
  A worker ant (D:4)
  A howler monkey zombie (D:5)
  2 adders
  2 dart slugs
  3 giant geckos
  7 orcs
  4 bats
  6 goblins
  6 hobgoblins
  A quokka (D:5)
  A ball python (D:2)
  2 giant newts
  3 kobolds
  5 rats
49 creatures vanquished.

Notes
Turn   | Place    | Note
-------+----------+-------------------------------------------
     0 | D:1      | 4thArraOfDagon the Hill Orc Fire Elementalist began the quest for the Orb.
     0 | D:1      | Reached XP level 1. HP: 14/14 MP: 3/3
   102 | D:2      | Reached XP level 2. HP: 20/20 MP: 1/4
   433 | D:2      | Found an oddly glowing altar of Pakellas.
   731 | D:2      | Reached XP level 3. HP: 24/26 MP: 5/5
   750 | D:2      | Learned a level 3 spell: Conjure Flame
   856 | D:1      | Torious: hi
   902 | D:2      | Reached skill level 1 in Axes
  1313 | D:4      | Reached skill level 2 in Axes
  1375 | D:5      | Entered Level 5 of the Dungeon
  1409 | D:5      | Reached XP level 4. HP: 28/33 MP: 6/6
  1422 | D:5      | Noticed Grinder
  1466 | D:4      | Reached skill level 3 in Axes
  1466 | D:4      | Reached skill level 1 in Armour
  1496 | D:4      | Found a snail-covered altar of Cheibriados.
  1499 | D:4      | hmm
  1565 | D:4      | Found a shadowy altar of Dithmenos.
  1565 | D:4      | Noticed a phantom
  1641 | D:4      | HP: 1/33 [phantom (9)]
  1644 | D:4      | Killed a phantom
  1644 | D:4      | Reached skill level 4 in Axes
  1644 | D:4      | Reached XP level 5. HP: 33/38 MP: 0/7
  1733 | D:5      | Noticed a black bear
  1949 | D:5      | Found a stormy altar of Qazlal.
  2193 | D:5      | Killed a black bear
  2193 | D:5      | Reached skill level 5 in Axes
  2193 | D:5      | Reached XP level 6. HP: 45/45 MP: 2/8
  2199 | D:5      | Learned a level 4 spell: Sticky Flame
  2315 | D:6      | Found a radiant altar of Vehumet.
  2316 | D:6      | 4thArraOfDagon: hmm
  2319 | D:6      | Became a worshipper of Vehumet
  2367 | D:6      | Noticed an ice beast
  2380 | D:6      | Killed from afar by an orc wizard

Vault maps used:
D:1:      minmay_arrival_stair_chambers
D:2:      grunt_pakellas_sulfur, first_bread, kennysheep_generic_room_7
D:3:      tgw_sif, uniq_robin
D:4:      nicolae_overflow_crystal_walls, grunt_dithmenos_shadows
D:5:      st_stairs_13, hangedman_decor_opposing, grunt_qazlal_clouds,
          uniq_grinder
D:6:      overflow_temple_1_default, basic_altar

Skill      XL: |  1  2  3  4  5  6 |
---------------+-------------------+-----
Conjurations   | 2 3 |  3.0
Fire Magic     | 4 |  4.6
Axes           | 2 4 5 |  5.4
Armour         | 2 |  2.5
Dodging        | |  1.5
Stealth        | |  1.5
Spellcasting   | |  1.9

Action                   |  1- 3 |  4- 6 || total
-------------------------+-------+-------++-------
Melee: Club              |     9 |       ||     9
       Battleaxe         |    41 |    20 ||    61
 Cast: Flame Tongue      |    36 |    53 ||    89
       Conjure Flame     |       |    11 ||    11
  Use: Scroll            |     5 |     8 ||    13
       Potion            |       |     4 ||     4
 Stab: Sleeping          |     3 |       ||     3
       Distracted        |     1 |       ||     1
  Eat: Chunk             |     3 |     1 ||     4
       Fruit             |       |     1 ||     1
       Pizza             |       |     1 ||     1
       Beef jerky        |       |     1 ||     1
Armor: Robe              |     9 |       ||     9
       Ring mail         |     2 |    14 ||    16
Dodge: Dodged            |    37 |    33 ||    70
